[Event "FRA-ch Teams Top 16-B 2022"]
[Site "Chartres"]
[Date "2022.06.12"]
[Round "4.19"]
[White "Brunner, Nicolas"]
[Black "Mendonca, Leon Luke"]
[Result "1/2-1/2"]
[ECO "D41"]
[WhiteElo "2454"]
[BlackElo "2551"]
[Annotator "TA"]
[PlyCount "124"]
[EventDate "2022.06.09"]
[EventType "team-tourn"]
[EventCountry "FRA"]
[SourceTitle "playchess.com"]
[Source "ChessBase"]
[SourceQuality "1"]
[TimeControl "40/5400+30:1800+30"]

1. d4 Nf6 2. c4 e6 3. Nf3 d5 4. Nc3 c5 5. cxd5 Nxd5 6. e4 Nxc3 7. bxc3 cxd4 8. cxd4 Bb4+ 9. Bd2 Bxd2+ 10. Qxd2 O-O 11. Bc4 Nc6 12. O-O b6 13. Rad1 Bb7 14. d5 {[%emt 0:06:46] D41: Queen's Gambit Declined: Semi-Tarrasch with 5 cxd5.} Na5 {[%emt 0:01:17] [#]} 15. dxe6 $1 Nxc4 (15... Qxd2 16. exf7+) 16. exf7+ {[%emt 0:00:05] White is slightly better.} Kh8 17. Qxd8 {[%emt 0:00:44] White is more active.} Raxd8 18. Rxd8 Rxd8 19. e5 $1 Rc8 $1 (19... Bxf3 $2 20. e6 Ne5 21. e7 Nxf7 22. exd8=Q+ Nxd8 23. gxf3 $18) 20. e6 {[%emt 0:03:57] [#] White threatens e7 and mate.} Bd5 21. Ng5 {[%emt 0:08:25] Black must now prevent Rc1.} Nd6 $1 22. Rd1 Bxe6 {[%emt 0:00:48] [#]} 23. f8=Q+ $146 ({Predecessor:} 23. Nxe6 Nxf7 24. g3 Re8 25. Rd7 Rxe6 26. Rxf7 Re1+ 27. Kg2 h5 28. Rxa7 Kh7 29. h4 Rc1 30. Ra6 Ra1 31. Kf3 b5 32. Ra5 Kg6 33. a3 {½-½ (33) Doren,D (2280)-Vekelis,G (2351) ICCF email 2014}) 23... Rxf8 24. Nxe6 $14 {[%emt 0:00:04][%mdl 4096] Endgame KRN-KRN} Rc8 25. g3 Ne4 26. Rd7 Nc5 27. Nxc5 bxc5 {[%emt 0:00:03] KR-KR} 28. Kf1 h6 29. Rxa7 c4 {[%emt 0:00:54] Strongly threatening ...c3.} 30. Ke2 c3 {[%emt 0:03:56] The position is equal.} 31. Kd1 Rd8+ 32. Kc2 {[%emt 0:01:58] aiming for a4.} Rd2+ 33. Kxc3 Rxf2 34. Kb3 Rxh2 35. Rc7 Kh7 36. a4 Rh1 37. Rc3 Kg6 38. a5 {[%emt 0:00:49] And now Ka4 would win.} Ra1 39. Kb4 Kf5 40. Ra3 Rb1+ 41. Kc5 {[%emt 0:30:28] a6 is the strong threat.} Kg4 42. a6 Rb8 43. a7 Ra8 44. Kb6 h5 45. Kb7 Rf8 46. Rc3 {[%emt 0:00:00] Threatens to win with Rc8.} g5 47. Rc8 Rf7+ 48. Rc7 Rf8 49. Rc8 Rf7+ 50. Rc7 Rf8 51. Rg7 Kxg3 52. Rxg5+ Kh4 53. Rg7 Kh3 $1 54. a8=Q Rxa8 55. Kxa8 $11 {[%emt 0:00:00] KR-KP} h4 56. Kb7 Kh2 57. Kc6 h3 $1 58. Kd5 Kh1 59. Ke4 h2 60. Ra7 {[%emt 0:00:00] Hoping for Kf3.} Kg2 61. Ra2+ Kg3 62. Rxh2 Kxh2 {[%emt 0:00:02] Weighted Error Value: White=0.02 (flawless) /Black=0.02 (flawless)} 1/2-1/2

[Event "FRA-ch Teams Top 16-B 2022"]
[Site "Chartres"]
[Date "2022.06.12"]
[Round "4.20"]
[White "Papadiamandis, Elliot"]
[Black "Solodovnichenko, Yuri"]
[Result "0-1"]
[ECO "B69"]
[WhiteElo "2373"]
[BlackElo "2499"]
[Annotator "TA"]
[PlyCount "106"]
[EventDate "2022.06.09"]
[EventType "team-tourn"]
[EventCountry "FRA"]
[SourceTitle "playchess.com"]
[Source "ChessBase"]
[SourceQuality "1"]
[TimeControl "40/5400+30:1800+30"]

1. e4 c5 2. Nf3 Nc6 3. d4 cxd4 4. Nxd4 Nf6 5. Nc3 d6 6. Bg5 e6 7. Qd2 a6 8. O-O-O Bd7 9. f4 Be7 10. Nf3 b5 11. Bxf6 gxf6 12. f5 Qa5 {[%emt 0:00:15] And now ...b4 would win. B69: Sicilian: Richter-Rauzer: 7...a6 8 0-0-0 Bd7 9 f4 Be7 10 Nf3 b5 11 Bxf6.} 13. Kb1 $1 h5 $1 14. Bd3 O-O-O {[%emt 0:04:20] White is slightly better.} 15. Rhf1 Kb8 16. Qf2 Rc8 {[%emt 0:04:43] [#]} 17. Ne2 $146 ({Predecessor:} 17. Nd2 Kb7 18. Nb3 Qb6 19. Qd2 Ne5 20. Ne2 Bd8 21. Nf4 Nc4 22. Bxc4 bxc4 23. Qxd6 {1-0 (45) Dominguez Perez,L (2756)-Bacrot,E (2635) Chess.com INT 2022}) 17... Nb4 18. a3 Nc6 19. Nfd4 Nxd4 20. Qxd4 h4 21. g4 hxg3 22. hxg3 Kb7 (22... Bc6 $11 {remains equal.}) 23. Rh1 Qb6 24. Qxb6+ ({White should try} 24. Qb4 $14) 24... Kxb6 $11 25. Nf4 Rcg8 26. fxe6 fxe6 27. Rxh8 Rxh8 28. Ng6 Re8 29. Rh1 {[%emt 0:09:42] Threatens to win with Rh7.} Bd8 30. Rh7 Bc6 31. Rg7 e5 32. Nh4 d5 33. exd5 Bxd5 34. Nf5 e4 35. Be2 Bc7 36. Ne3 Be6 (36... Rd8 $5 ) 37. Bh5 Rh8 38. Re7 Bc8 39. g4 (39. Bg4 $1 $11 {keeps the balance.} Bb7 40. c4) 39... Be5 (39... Bd6 $5 40. Rf7 Be5 $17) 40. c3 Kc5 41. Kc2 Kd6 42. Rg7 {[%emt 0:04:48] [#]} (42. Re8 $17 {was forced.} Rxe8 43. Bxe8) 42... Bf4 $1 $19 43. Kd2 f5 {[%emt 0:05:57] White must now prevent ...Be6.} 44. Ke2 fxg4 45. Rg6+ Ke5 46. Nxg4+ $2 {[%emt 0:00:22][%mdl 8192] [#]} (46. Bxg4 $17 Bxg4+ 47. Rxg4) 46... Kf5 $1 {[%emt 0:05:05] Black is clearly winning.} 47. Nf6 Be6 ({Not} 47... Be5 48. Nd5 $11) 48. Rg4 Bc4+ 49. Kf2 Be5 {[%emt 0:02:52] A strong pair of Bishops.} 50. Bg6+ Kxf6 51. Bxe4 Rh2+ 52. Ke3 Re2+ 53. Kf3 Rxb2 {[%emt 0:00:11] Weighted Error Value: White=0.35/Black=0.15 (very precise)} 0-1

[Event "FRA-ch Teams Top 16-B 2022"]
[Site "Chartres"]
[Date "2022.06.12"]
[Round "4.21"]
[White "Nezar, Mustapha"]
[Black "Terrieux, Kevin"]
[Result "1/2-1/2"]
[ECO "A08"]
[WhiteElo "2357"]
[BlackElo "2448"]
[Annotator "TA"]
[PlyCount "55"]
[EventDate "2022.06.09"]
[EventType "team-tourn"]
[EventCountry "FRA"]
[SourceTitle "playchess.com"]
[Source "ChessBase"]
[SourceQuality "1"]
[TimeControl "40/5400+30:1800+30"]

1. e4 e6 2. d3 d5 3. Nd2 c5 4. Ngf3 Nc6 5. g3 g6 6. Bg2 Bg7 7. O-O Nge7 8. Re1 O-O 9. c3 b6 10. e5 h6 11. Nf1 Qc7 12. Qe2 Ba6 13. h4 {[%emt 0:02:25] A08: King's Indian Attack.} Rad8 14. N1h2 Kh7 15. Ng4 {[%emt 0:01:38] White is slightly better.} Ng8 {[%emt 0:00:31] Against Nf6+} 16. Bf4 Qe7 {[%emt 0:01:54] Inhibits Nf6+.} 17. Qd2 {[%emt 0:02:12] [#]} Bc8 $146 ({Predecessor:} 17... Bb7 18. Bg5 hxg5 19. hxg5 Nxe5 20. Nfxe5 f6 21. gxf6 Bxf6 22. Nxf6+ Qxf6 23. Nf3 d4 24. Ng5+ {1-0 (24) Jostov,K (1195)-Zens,R (1685) LSS email 2014}) 18. d4 {[%emt 0:10:29] White is more active.} Ba6 19. h5 cxd4 20. Nxd4 (20. cxd4 {with more complications.} Rc8 21. a3 gxh5 22. Ne3) 20... Nxd4 21. hxg6+ ({Don't play} 21. Qxd4 gxh5 22. Ne3 h4 $11) 21... fxg6 {[%emt 0:00:09][%cal Bf7g6,Bg6g5,Bg5g4][%mdl 32] [#] Strongly threatening ...Nf5.} 22. cxd4 Rc8 23. Rac1 Qf7 24. Bh3 g5 25. Be3 h5 26. Nh2 (26. Rxc8 $14 Rxc8 27. Nf6+ Bxf6 28. exf6) 26... g4 $11 27. Bg2 Nh6 28. f3 {[%emt 0:01:08] Weighted Error Value: White=0.12 (very precise) /Black=0.08 (flawless)} 1/2-1/2

[Event "FRA-ch Teams Top 16-B 2022"]
[Site "Chartres"]
[Date "2022.06.12"]
[Round "4.22"]
[White "Burri, Quentin"]
[Black "Savina, Anastasia"]
[Result "1-0"]
[ECO "C84"]
[WhiteElo "2401"]
[BlackElo "2348"]
[Annotator "TA"]
[PlyCount "111"]
[EventDate "2022.06.09"]
[EventType "team-tourn"]
[EventCountry "FRA"]
[SourceTitle "playchess.com"]
[Source "ChessBase"]
[SourceQuality "1"]
[TimeControl "40/5400+30:1800+30"]

1. e4 e5 2. Nf3 Nc6 3. Bb5 a6 4. Ba4 Nf6 5. O-O Be7 6. d3 d6 7. c3 O-O 8. Re1 Re8 9. Nbd2 {[%emt 0:00:59] C84: Closed Ruy Lopez: Unusual White 6th moves.} Bf8 10. d4 exd4 11. cxd4 {[%emt 0:00:17] The position is equal.} b5 $1 12. Bc2 Bg4 13. Nf1 g6 {[%emt 0:13:15] [#]} 14. h3 $146 ({Predecessor:} 14. Ng3 Bg7 15. Be3 Nd7 16. Rc1 Bxf3 17. gxf3 Qf6 18. Bb3 Nxd4 19. Bxd4 Qxd4 20. Rxc7 {1-0 (40) Nepomniachtchi,I (2784)-Carlsen,M (2862) chess24.com INT 2020}) 14... Bxf3 15. gxf3 Nh5 16. d5 Ne5 17. f4 Nc4 18. Ng3 Nxg3 19. fxg3 Bg7 20. Rb1 c5 21. b3 Bd4+ 22. Kg2 Nb6 23. Be3 Rc8 24. Bxd4 cxd4 25. Re2 Qf6 26. Qd2 Rc3 27. Rd1 Rec8 28. Bb1 Nd7 29. Qxd4 (29. Rf1 $5 ) 29... Qxd4 30. Rxd4 Rc1 31. Bd3 Rd1 32. e5 dxe5 (32... Rc3 $11 {keeps the balance.} 33. e6 Nf6) 33. fxe5 $16 Rc3 34. e6 fxe6 35. dxe6 Rcxd3 36. Rxd3 Rxd3 {[%emt 0:00:08][%mdl 4096] Endgame [#] KRN-KR} 37. e7 $1 ({But not} 37. exd7 $6 Kf7 $11) 37... Nf6 {[%emt 0:00:04] [#] Threatens to win with ...Kf7.} 38. Rf2 $1 Re3 39. Rxf6 $18 {[%emt 0:00:21] Hoping for Rf8+.} Rxe7 40. Rxa6 {[%emt 0:00:06] KR-KR} Re3 41. Kf2 Rc3 42. Rb6 Rc2+ 43. Kf3 Rxa2 44. Rxb5 Ra7 45. Re5 Kf7 46. Re3 Ra1 47. Ke2 {[%emt 0:00:00] aiming for Kd3.} Rh1 $2 (47... Ra8 48. Kd3 Rb8) 48. h4 Kf6 49. Kd3 {[%emt 0:00:00] Black must now prevent b4.} g5 $2 (49... Rb1 50. Kc4 Rc1+ 51. Kb5 Rb1) 50. hxg5+ Kxg5 51. b4 Kg4 52. Kd4 h5 53. b5 Rb1 54. Kc5 {[%emt 0:00:00] White is clearly winning.} Rc1+ 55. Kb4 Rb1+ 56. Rb3 {[%emt 0:00:00] Weighted Error Value: White=0.07 (flawless) /Black=0.35} 1-0

[Event "FRA-ch Teams Top 16-B 2022"]
[Site "Chartres"]
[Date "2022.06.12"]
[Round "4.23"]
[White "Adrian, Claude"]
[Black "Riff, Jean-Noel"]
[Result "1-0"]
[ECO "E05"]
[WhiteElo "2175"]
[BlackElo "2444"]
[Annotator "TA"]
[PlyCount "63"]
[EventDate "2022.06.09"]
[EventType "team-tourn"]
[EventCountry "FRA"]
[SourceTitle "playchess.com"]
[Source "ChessBase"]
[SourceQuality "1"]
[TimeControl "40/5400+30:1800+30"]

1. Nf3 {[%emt 0:02:46] Atalik,S} Nf6 2. c4 e6 3. g3 d5 4. d4 Be7 5. Bg2 O-O 6. O-O dxc4 7. Na3 Bxa3 8. bxa3 Bd7 9. Ne5 {[%emt 0:00:32] 9.a4 injects fresh life into this line.} Bc6 10. Nxc6 Nxc6 ({Don't take} 10... bxc6 11. a4 $16) 11. Rb1 {[%emt 0:00:08] E05: Open Catalan: 5 Nf3 Be7.} Rb8 12. e3 Nd5 13. Bd2 {[%emt 0:00:36] Against Nc3. The position is equal.} Qd6 14. Qc1 b5 15. a4 $1 a6 $36 {[%emt 0:00:27][%cal Ba7a6,Ba6b5,Bb5a4][%mdl 2080] Black has good play.} ({Much less strong is} 15... bxa4 16. Qxc4 a3 17. Rfc1 $16) 16. axb5 axb5 17. a4 c3 18. Bxc3 bxa4 {[%emt 0:00:30] [#] Strongly threatening ...Rxb1.} 19. Ba1 $146 (19. Ra1 $11 {remains equal.}) ({Predecessor:} 19. Ra1 Rb3 20. Bb2 Rfb8 21. Ba3 Ncb4 22. Qc4 Rc3 23. Qe2 Qb6 24. Bxb4 Qxb4 25. Bxd5 exd5 {½-½ (42) Atalik,S (2525)-Liang,J (2425) Beijing 1996 CBM 055 [Atalik,S]}) 19... Na5 20. e4 Rxb1 21. Qxb1 Nb6 22. Rd1 Nb3 23. Bc3 Rd8 24. Bf3 Qc6 25. Rd3 Nc4 26. d5 exd5 27. Rxd5 Rxd5 28. exd5 Qe8 29. Qf5 {[%emt 0:00:00] [#] Qg4 is the strong threat.} Ncd2 (29... Nbd2 $17 {( -> ...Qe1+)} 30. Qd3 Ne5 31. Bxe5 Nxf3+ 32. Qxf3 Qxe5) 30. Be2 $1 $11 {[%emt 0:00:00] aiming for Bd3. A strong pair of Bishops.} f6 $2 (30... Ne4 $11 31. Bb5 g6 32. Bxe8 (32. Qe5 $2 Qxe5 33. Bxe5 a3 $19) 32... gxf5) 31. Bd3 $18 Qe1+ $2 (31... Kf7 32. Qxh7 Nf3+ 33. Kg2 Ne1+ 34. Bxe1 Qxe1 35. Bg6+ Ke7 36. Qxg7+ Kd6 37. Qxf6+ Kc5 38. Qf8+ Kxd5 39. Qd8+ Kc6 40. Be8+ Kc5 41. Qxc7+ Kb4 42. Qd6+ Kc3) 32. Kg2 {[%emt 0:00:00] Weighted Error Value: White=0.10 (very precise) /Black=0.47} 1-0

[Event "FRA-ch Teams Top 16-B 2022"]
[Site "Chartres"]
[Date "2022.06.12"]
[Round "4.24"]
[White "Navrotescu, Andreea"]
[Black "Steil-Antoni, Fiona"]
[Result "1-0"]
[ECO "D31"]
[WhiteElo "2318"]
[BlackElo "2198"]
[Annotator "TA"]
[PlyCount "71"]
[EventDate "2022.06.09"]
[EventType "team-tourn"]
[EventCountry "FRA"]
[SourceTitle "playchess.com"]
[Source "ChessBase"]
[SourceQuality "1"]
[TimeControl "40/5400+30:1800+30"]

1. c4 e6 2. Nc3 d5 3. d4 c6 4. Nf3 dxc4 5. e3 b5 6. a4 Bb4 7. Bd2 a5 8. axb5 Bxc3 9. Bxc3 cxb5 10. b3 Bb7 11. bxc4 b4 12. Bb2 Nf6 13. Bd3 O-O {[%emt 0:00:36] now scores much better than the old 13...Nbd7.} 14. Qc2 Nbd7 15. O-O h6 {[%emt 0:02:17] D31: Queen's Gambit Declined: Semi-Slav without ...Nf6 (+ Marshall Gambit and Noteboom) and Exchange Variation lines without ...Nf6.} 16. e4 Qe7 {[%emt 0:07:32] [#]} 17. d5 $146 ({Predecessor:} 17. e5 Ne8 18. Nd2 Nc7 19. Ne4 Nb6 20. Nd6 Bc6 21. f4 Ne8 22. f5 Nd7 23. f6 gxf6 24. Nxe8 Rfxe8 25. exf6 {1-0 (31) Kouvatsos,F (2000)-Papathanasiou,A (1805) Greece 2001}) 17... Nc5 {[%emt 0:08:49] Black has an edge.} 18. Rfd1 a4 19. e5 (19. Bd4 $15 b3 20. Qb1) 19... Nfd7 $1 $19 20. Bd4 (20. d6 $142 Qd8 21. Nd2) 20... Nb3 $2 (20... b3 $19 21. Qc3 (21. Bh7+ $2 Kh8 $19) 21... exd5) 21. d6 $1 $11 Qd8 {[%emt 0:00:00] White must now prevent ...Bxf3.} 22. Rxa4 $1 Rxa4 23. Qxb3 Bxf3 24. gxf3 ({But not} 24. Qxa4 Qg5 $1 25. Bf1 Nxe5 $17) 24... Qg5+ {[%emt 0:00:00] [#]} ({Black should play} 24... Ra5 $14) 25. Kf1 $1 $18 Raa8 26. Be4 Rab8 (26... Rac8 $142) 27. c5 Nxe5 28. c6 {[%emt 0:01:11] The board is on fire.} Ng6 $2 (28... Nxc6 29. Bxc6 Qa5) 29. c7 Rbc8 30. Qxb4 Nf4 31. Be3 {[%emt 0:00:33] aiming for Bxf4. Active counter play! A strong pair of Bishops.} Qg2+ 32. Ke1 Nd5 33. Bxd5 {[%emt 0:00:41] Hoping for d7.} exd5 34. d7 {[%emt 0:00:20] Strongly threatening Qxf8+.} Qh3 35. Qxf8+ (35. Rxd5 $142 Kh7 36. Qe4+ g6 37. d8=Q Ra8 38. Qf4 Ra1+ 39. Rd1 g5 {[#]} 40. Qxf8 $1) 35... Rxf8 36. d8=Q {[%emt 0:00:08] Weighted Error Value: White=0.24 (precise) /Black=1.13} 1-0

[Event "FRA-ch Teams Top 16-B 2022"]
[Site "Chartres"]
[Date "2022.06.12"]
[Round "4.25"]
[White "Le Hetet, Nicolas"]
[Black "Neiksans, Arturs"]
[Result "0-1"]
[ECO "B48"]
[WhiteElo "2372"]
[BlackElo "2579"]
[Annotator "TA"]
[PlyCount "64"]
[EventDate "2022.06.09"]
[EventType "team-tourn"]
[EventCountry "FRA"]
[SourceTitle "playchess.com"]
[Source "ChessBase"]
[SourceQuality "1"]
[TimeControl "40/5400+30:1800+30"]

1. e4 c5 2. Nf3 e6 3. d4 cxd4 4. Nxd4 Nc6 5. Nc3 Qc7 6. Be3 a6 7. Qf3 {[%emt 0:00:39] 7.g4 is becoming the main line. B48: Sicilian: Taimanov: 5 Nc3 Qc7 6 Be3 a6 without Be2.} Ne5 8. Qg3 h5 9. h4 {[%emt 0:04:59] White is slightly better.} d6 10. O-O-O Bd7 11. Kb1 (11. Bg5 $14) 11... Nf6 (11... b5 $11) 12. Be2 $14 b5 13. a3 Rb8 {[%emt 0:00:29] [#]} 14. f4 $146 ({Predecessor:} 14. Bg5 Nc4 15. f4 b4 16. axb4 Rxb4 17. Bxc4 Rxc4 18. Bxf6 gxf6 19. Rd3 Qb6 20. Rhd1 {1-0 (30) Vetoshko,V (2525)-Suvorov,A (2391) Castelldefels 2021}) 14... Nc4 15. Bc1 a5 {[%emt 0:27:00] And now ...b4 would win.} 16. e5 dxe5 17. fxe5 Ng4 (17... b4 $1 $14 18. Bxc4 bxc3) 18. Ne4 $18 ({And not} 18. Bxg4 hxg4 19. Ne4 b4 $14) 18... b4 {[%emt 0:02:06] [#]} (18... Rc8 $16) 19. Bxc4 (19. a4 $1 $18 {and the rest is easy.}) 19... Qxc4 $16 {[%emt 0:00:11] [#]} 20. b3 (20. a4 $1 $16) 20... bxa3 $11 21. Ka2 (21. Rhf1 $5 ) 21... Qc7 22. Nd6+ $2 (22. Rhf1 $1 $15) 22... Bxd6 $19 23. exd6 Qb7 24. Bxa3 O-O 25. Rhf1 Rfc8 {[%emt 0:02:38] Threatens to win with ...e5.} 26. Rd2 Qa6 ({Weaker is} 26... e5 27. Nf5 Bxf5 28. Rxf5 $17) 27. Rf3 (27. Qf3 f6 28. Qe2 Qxe2 29. Rxe2) 27... a4 {[%emt 0:00:34] aiming for ...e5.} 28. Rc3 e5 29. Rc7 (29. Qd3 $142 Qxd3 30. Rxc8+ Rxc8 31. Rxd3) 29... exd4 30. Rxd7 {[%emt 0:00:17] [#]} Rxc2+ $3 31. Rxc2 axb3+ 32. Qxb3 Rxb3 {[%emt 0:00:06] Weighted Error Value: White=0.75/Black=0.44} 0-1

[Event "FRA-ch Teams Top 16-B 2022"]
[Site "Chartres"]
[Date "2022.06.12"]
[Round "4.26"]
[White "Marcelin, Cyril"]
[Black "Fantinel, Thibault"]
[Result "1/2-1/2"]
[ECO "A38"]
[WhiteElo "2440"]
[BlackElo "2388"]
[Annotator "TA"]
[PlyCount "35"]
[EventDate "2022.06.09"]
[EventType "team-tourn"]
[EventCountry "FRA"]
[SourceTitle "playchess.com"]
[Source "ChessBase"]
[SourceQuality "1"]
[TimeControl "40/5400+30:1800+30"]

1. Nf3 Nf6 2. c4 g6 3. b3 Bg7 4. Bb2 O-O 5. g3 c5 6. Bg2 d6 7. O-O e5 8. Nc3 Nc6 9. d3 h6 10. Ne1 {[%emt 0:02:45] A38: Symmetrical English vs ...g6: 4 Bg2 Bg7 5 Nf3 Nf6.} Be6 11. Nd5 Qd7 12. Qd2 {[%emt 0:00:15] White has an edge.} Kh7 13. f4 {[%emt 0:07:44] Hoping for fxe5.} Bh3 14. e4 {[%emt 0:14:52][%cal Of4f5] [#] White is slightly better.} Nxd5 $146 ({Predecessor:} 14... Bxg2 15. Nxg2 Nxd5 16. cxd5 Nd4 17. f5 Bf6 18. h4 g5 19. Kf2 gxh4 20. gxh4 Bh8 21. Qd1 Rg8 22. Qh5 Bg7 23. Ne3 Bf8 24. Ng4 Qd8 {½-½ (24) Sanal,V (2477)-Rajkovic,M (2275) Khanty-Mansiysk 2016}) 15. cxd5 Nd4 16. f5 Bxg2 17. Qxg2 Bf6 18. Nf3 {[%emt 0:05:23] Weighted Error Value: White=0.06 (flawless) /Black=0.13 (very precise)} 1/2-1/2

[Event "FRA-ch Teams Top 16-B 2022"]
[Site "Chartres"]
[Date "2022.06.12"]
[Round "4.27"]
[White "Kirk, Ezra"]
[Black "Kulaots, Kaido"]
[Result "0-1"]
[ECO "A47"]
[WhiteElo "2446"]
[BlackElo "2537"]
[Annotator "TA"]
[PlyCount "82"]
[EventDate "2022.06.09"]
[EventType "team-tourn"]
[EventCountry "FRA"]
[SourceTitle "playchess.com"]
[Source "ChessBase"]
[SourceQuality "1"]
[TimeControl "40/5400+30:1800+30"]

1. d4 Nf6 2. Nf3 e6 3. Bf4 b6 4. e3 Be7 5. h3 O-O 6. Nbd2 {[%emt 0:10:15] A47: 1 d4 Nf6 2 Nf3 b6: Torre, London and Colle Systems.} c5 7. c3 Ba6 8. Bxa6 {[%emt 0:04:42] The position is equal.} Nxa6 9. Qe2 Nb8 10. O-O Nc6 {[%emt 0:00:44] [#]} 11. dxc5 $146 ({Predecessor:} 11. Rad1 cxd4 12. exd4 d6 13. Rfe1 Qd7 14. Bg5 Rac8 15. Bxf6 Bxf6 16. Ne4 {½-½ (25) Dudas,J (2205)-Martiska,P (2245) Slovakia 2016}) 11... bxc5 12. e4 d5 13. exd5 exd5 14. Qb5 Qb6 15. a4 Rfc8 16. Rfe1 Qd8 17. Qd3 h6 18. Rad1 Bd6 19. Bxd6 Qxd6 20. Ne4 Nxe4 21. Rxe4 Rd8 22. Re2 Rab8 23. Qf5 g6 24. Qg4 Qf6 25. h4 d4 26. h5 g5 27. cxd4 Nxd4 28. Nxd4 cxd4 29. Rd3 Rbc8 30. g3 Rc1+ 31. Kg2 Qc6+ 32. Qf3 Qxa4 33. Re7 Rf8 34. Qe4 {[%emt 0:00:27][%cal Oe7e6] [#] And now Re6! would win.} Qc2 35. Qxd4 Rb1 {[%emt 0:00:30] Hoping for ...Qc1. Dancing on a razor blade.} 36. Rxa7 $2 (36. Qc3 $11 Qxb2 37. Qxb2 Rxb2 38. Rxa7) 36... Qc1 $19 37. Kf3 Qh1+ 38. Ke2 Qe1+ (38... Re8+ $142 39. Re3 Re1+ 40. Kd2 Rd1+ 41. Kc3 Rc8+ 42. Qc4 Rc1+ 43. Kb3 Qd1+ 44. Ka3 R8xc4 45. Ra8+ Kg7 46. Rg8+ Kxg8 47. Re8+ Kg7 48. Rg8+ Kxg8 49. b4 R4c3+ 50. Kb2 Qe2#) 39. Kf3 Qh1+ {[%emt 0:00:05] [#]} (39... Qf1 $19 40. Ra5 Qh3) 40. Ke2 Re8+ 41. Re3 Re1+ {[%emt 0:02:47] Weighted Error Value: White=0.33/Black=0.42} 0-1

[Event "FRA-ch Teams Top 16-B 2022"]
[Site "Chartres"]
[Date "2022.06.12"]
[Round "4.28"]
[White "Godart, Francois"]
[Black "Favarel, Julien"]
[Result "0-1"]
[ECO "E64"]
[WhiteElo "2399"]
[BlackElo "2312"]
[Annotator "TA"]
[PlyCount "61"]
[EventDate "2022.06.09"]
[EventType "team-tourn"]
[EventCountry "FRA"]
[SourceTitle "playchess.com"]
[Source "ChessBase"]
[SourceQuality "1"]
[TimeControl "40/5400+30:1800+30"]

1. d4 Nf6 2. c4 g6 3. g3 Bg7 4. Bg2 O-O 5. Nc3 d6 6. Nf3 c5 7. d5 e6 8. O-O {[%emt 0:00:15] E64: King's Indian: Fianchetto: 6...c5 7 d5.} Re8 9. dxe6 {[%emt 0:10:36] 9.Re1 is setting a new trend.} Bxe6 10. Ng5 {[%emt 0:09:29] The position is equal.} Bxc4 {[%emt 0:00:47] White must now prevent ...d5.} 11. Bxb7 Nbd7 {[%emt 0:00:30] [#]} 12. b3 $146 (12. Bxa8 Qxa8 13. Qxd6 h6 $14) ({Predecessor:} 12. Bxa8 Qxa8 13. Qxd6 h6 14. Nf3 Bxe2 15. Nxe2 Qxf3 16. Nc3 Qb7 17. Qd1 Ne5 18. f4 Nc4 19. Qf3 Qd7 20. Rd1 Qf5 {½-½ (31) Korley,K (2400)-Idani,P (2638) Reykjavik 2022}) 12... Rb8 13. bxc4 {[%emt 0:02:52] Strongly threatening Rb1.} Rxb7 14. Bf4 (14. Qxd6 $11 {keeps the balance.} Qc8 15. Rb1) 14... h6 $17 15. Nf3 Nh5 $36 {[%emt 0:07:43][%mdl 2048] White is under strong pressure.} 16. Bd2 Nb6 17. Rb1 Rbe7 18. Qb3 Nf6 19. Rfd1 Ne4 20. e3 Qa8 21. Nd5 Nxd5 22. cxd5 Qc8 {[%emt 0:00:00] ...c4 is the strong threat.} 23. Qc4 (23. Be1 $17) 23... Qg4 $19 24. Qe2 Ng5 ({Better is} 24... Bc3 $19 25. Bc1 Ng5) 25. Kg2 $17 Nxf3 {[%emt 0:00:00] 0x0.002af322287adp-1022s more active pieces.} 26. Qxf3 {[%emt 0:00:00] [#]} Qa4 27. Qf4 {[%emt 0:00:00] [#]} Qa6 (27... Qxa2 28. Qxd6 Re5 29. Be1 $14 (29. Qxc5 $2 Rxd5 30. Qc6 Red8 $19)) 28. Be1 Re4 ({But not} 28... Qxa2 29. Qxd6 Rxe3 30. Qxc5 $16) 29. Rb8 $2 (29. Qf3 $17) 29... Rxf4 $19 (29... Rxb8 $2 {is the wrong capture.} 30. Qxe4 Qxa2 31. Rc1 $19) 30. Rxe8+ Kh7 31. Kh1 {[%emt 0:03:00] Weighted Error Value: White=0.57/Black=0.04 (flawless)} 0-1